 Dungeon Crawl Stone Soup version 0.28.0-45-g0d030f2227 (webtiles) character file.

Game seed: 13475951456644480380

2 Revguard the Insei (level 1, -1/13 HPs)
             Began as an Octopode Transmuter on Apr 12, 2022.
             Slain by a goblin
             ... wielding a +0 club
              (4 damage)
             ... on level 1 of the Dungeon.
             The game lasted 00:00:21 (123 turns).

Revguard the Insei (Octopode Transmuter)             Turns: 123, Time: 00:00:22

Health: -1/13      AC:  1    Str:  9    XL:     1   Next: 40%
Magic:  3/3        EV: 13    Int: 15    God:
Gold:   0          SH:  0    Dex: 12    Spells: 3/4 levels left

rFire   . . .      SeeInvis .     - Unarmed
rCold   . . .      Faith    .   (no shield)
rNeg    . . .      Spirit   .   (helmet restricted)
rPois   .          Reflect  .   (no amulet)
rElec   .          Harm     .   (no ring)
rCorr   .          Rampage  .   (no ring)
Will    .....                   (no ring)
Stlth   ++........              (no ring)
HPRegen 0.04/turn               (no ring)
MPRegen 0.08/turn               (no ring)
                                (no ring)
                                (no ring)

@: no status effects
A: almost no armour, amphibious, 8 rings, camouflage 1, gelatinous body 1,
(nimble swimmer 1), tentacles
a: no special abilities


You were on level 1 of the Dungeon.
You visited 1 branch of the dungeon, and saw 1 of its levels.

Inventory:

Jewellery
 a - a ring of magical power


   Skills:
 + Level 1.0 Fighting
 + Level 2.0 Dodging
 + Level 0.2 Stealth
 + Level 3.0 Unarmed Combat
 * Level 2.0 Spellcasting
 + Level 2.0 Transmutations


You had 3 spell levels left.
You knew the following spells:

 Your Spells              Type           Power      Damage    Failure   Level
a - Beastly Appendage     Tmut           14%        N/A       10%         1

Your spell library contained the following spells:

 Spells                   Type           Power      Damage    Failure   Level
 Wereblood                Tmut           7%         N/A       14%         2
 Spider Form              Tmut/Pois      4%         N/A       41%         3
 Ice Form                 Ice/Tmut       4%         N/A       82%         4


Dungeon Overview and Level Annotations

Branches:
Dungeon (1/15)

Altars:


Innate Abilities, Weirdness & Mutations

You cannot wear most types of armour.
You are amphibious.
You can wear up to eight rings at the same time.
Your skin changes colour to match your surroundings (Stealth+).
Your rubbery body absorbs attacks. (AC +1, EV +1)
((You are camouflaged when in or above water. (Stealth+)))
You have tentacles for arms and can constrict up to eight enemies at once.


Message History

A giant cockroach comes into view.
The ball python misses you. The ball python closely misses you.
The ball python hisses angrily.
The frilled lizard hisses angrily.
You tentacle-slap the ball python but do no damage.
Your grab misses the ball python.
Your tentacle-slap misses the ball python.
The ball python barely misses you. The ball python misses you.
You tentacle-slap the ball python.
You kill the ball python!
You tentacle-slap the goblin but do no damage.
You grab the goblin.
You constrict the goblin, but do no damage.
The goblin hits you with a +0 club. The ball python bites you.
The ball python grabs you. The ball python constricts you.
You barely miss the ball python. Your grab misses the ball python.
You squeeze the ball python.
The ball python is moderately wounded.
You constrict the goblin, but do no damage.
The goblin hits you with a +0 club. The ball python completely misses you.
The ball python constricts you.
You are too injured to fight recklessly!
You are too injured to fight recklessly!
You are too injured to fight recklessly!
You are too injured to fight recklessly!
You are too injured to fight recklessly!
You escape the ball python's grasp.
You release your grip on the goblin.
Something bites the plant.
The plant begins to die.
A nearby plant withers and dies.
The frilled lizard unfolds its giant frill.
The goblin closely misses you.
A ball python comes into view.
You are too injured to fight recklessly!
You tentacle-slap the goblin. Your grab misses the goblin.
The goblin is moderately wounded.
The goblin hits you with a +0 club.
* * * LOW HITPOINT WARNING * * *
You tentacle-slap the goblin. Your grab misses the goblin.
The goblin is heavily wounded.
The goblin hits you with a +0 club.
You die...

......#........#
......#..B.....#
.........l.....#
.........B...#.#
......†##.######
#####.lB.# ###
#...S######.##
#...##g# #....#
##.####@####.#.##
.............###
)##########.##
#.# #.# #'# #.#
#.# ♣ #.#


You could see a giant cockroach, a goblin, a ball python and a frilled lizard.

Vanquished Creatures
  A bat (D:1)
  2 ball pythons (D:1)
3 creatures vanquished.

Vanquished Creatures (others)
  A plant (D:1)
1 creature vanquished.

Grand Total: 4 creatures vanquished

Notes
Turn   | Place    | Note
-------+----------+-------------------------------------------
     0 | D:1      | Revguard the Octopode Transmuter began the quest for the
                  | Orb.
     0 | D:1      | Reached XP level 1. HP: 13/13 MP: 3/3
   123 | D:1      | Slain by a goblin

Illustrated notes

Levels and vault maps discovered:
D:1:      beargit_arrival_diablo_church, layout_rooms,
          shapermc_ecumenical_altar_gd, nrook_loot_triangle, minivault_5,
          nicolae_concentric_dashed_squares_mild, st_stairs_13,
          serial_bayou_ford_a, serial_bayou_pond_b

Action                   || total
-------------------------++-------
Melee: Unarmed           ||    11
       Constrict         ||     1
       Kick              ||     1
       Tentacles         ||     1
 Cast: Beastly Appendage ||     1
Armor: Skin              ||     3
Dodge: Dodged            ||    13
